 Dungeon Crawl Stone Soup version 0.18.1-6-gd335043 (webtiles) character file.

184 st0uf the Ducker (level 5, -1/47 HPs)
             Began as a Draconian Berserker on May 15, 2016.
             Was a Priest of Trog.
             Killed from afar by an orc wizard (4 damage)
             ... with a magic dart
             ... on level 2 of the Dungeon.
             The game lasted 00:09:19 (2016 turns).

st0uf the Ducker (Draconian Berserker)              Turns: 2016, Time: 00:09:19

Health: -1/47      AC:  7    Str: 21    XL:     5   Next: 36%
Magic:  5/5        EV: 13    Int:  7    God:    Trog [***...]
Gold:   143        SH:  0    Dex: 10    Spells: 0 memorised, 4 levels left

rFire  . . .     SeeInvis .     a - +0 mace
rCold  . . .     Gourm    .     (armour unavailable)
rNeg   . . .     Faith    .     (no shield)
rPois  .         Spirit   .     (helmet restricted)
rElec  .         Dismiss  .     n - +0 cloak
rCorr  .         Reflect  .     (no gloves)
SustAt .         Harm     .     c - +0 pair of boots
MR     .....                    (no amulet)
Stlth  +.........               (no ring)
                                (no ring)

@: not resistant to hostile enchantments, very unstealthy
A: unfitting armour, cold-blooded, AC +5
a: Berserk, Trog's Hand, Burn Spellbooks, Renounce Religion


You were on level 2 of the Dungeon.
You worshipped Trog.
Trog was most pleased with you.
You were near starving.

You visited 1 branch of the dungeon, and saw 3 of its levels.

You collected 143 gold pieces.

Inventory:

Hand Weapons
 a - a +0 mace (weapon)
Armour
 c - a +0 pair of boots (worn)
 n - a +0 cloak (worn)
Scrolls
 f - a scroll of noise {unknown}
 g - 2 scrolls of remove curse {unknown}
 k - a scroll of random uselessness {unknown}
 l - a scroll of immolation {unknown}
 m - a scroll of enchant weapon {unknown}
Potions
 d - a potion of haste {unknown}
 e - a potion of lignification {unknown}
 i - a potion of ambrosia {unknown}
Books
 j - a Fen Folio

   Spells                             Type                      Level
   a - Corpse Rot                     Necromancy                   2
   b - Stone Arrow                    Conjuration/Earth            3
   c - Leda's Liquefaction            Hexes/Earth                  4
   d - Summon Forest                  Summoning/Translocation      5
   e - Hydra Form                     Transmutation                6
   f - Summon Hydra                   Summoning                    7
   Trog disapproves of the use of such an item.
Comestibles
 b - 3 bread rations
 h - a beef jerky


   Skills:
 + Level 4.3 Fighting
 + Level 3.8 Maces & Flails
 + Level 4.4 Dodging
 + Level 0.4 Stealth


You had 4 spell levels left.
You didn't know any spells.

Dungeon Overview and Level Annotations

Branches:
Dungeon (3/15)

Altars:
Qazlal


Innate Abilities, Weirdness & Mutations

Your plain brown scales are hard (AC +5).
Your body does not fit into most forms of armour.
You are cold-blooded and may be slowed by cold attacks.


Message History

You hear some strange, mumbled words.
A puff of flame appears from out of thin air!
The puff of flame hits you!
* * * LOW HITPOINT WARNING * * *
You closely miss something. Something hits you but does no damage.
You hear some strange, mumbled words.
A magic dart appears from out of thin air!
The magic dart hits you!
* * * LOW HITPOINT WARNING * * *
You miss something.
Your tail-slap misses something.
Something hits you but does no damage.
You miss something. Something barely misses you.
Something hits you but does no damage.
You hit something. You tail-slap something.
Something hits you but does no damage.
You hit something.
Your tail-slap misses something.
You hear some strange, mumbled words.
A magic dart appears from out of thin air!
The magic dart hits you!
You die...

#...# ####### #.##
#.#.# #.....# #.##
#...# #.....###...
####.#####.......####
#.......##.....#.# #.
#...>...##.....#.###.
#..#.##.#######...##.
#..#{##.# #....(.
#..#@##.# #...##.
#..#.##.##### ######.
#...........# #.
####..#####)#### #.
#..#####....#####.
#......#..#.......
##.#...)....######
#.#...#....#
#.......#### #


There were no monsters in sight!

Vanquished Creatures
  Crazy Yiuf (D:2)
  Jessica (D:2)
  3 gnolls (D:2)
  3 adders (D:2)
  An ooze (D:2)
  4 dart slugs
  3 giant geckos
  An orc (D:2)
  A ball python (D:2)
  4 bats
  A giant cockroach (D:1)
  10 goblins
  4 hobgoblins
  3 jackals (D:2)
  2 quokkas (D:2)
  4 giant newts (D:2)
  7 kobolds
  2 rats (D:1)
55 creatures vanquished.

Notes
Turn   | Place    | Note
--------------------------------------------------------------
     0 | D:1      | st0uf the Draconian Berserker began the quest for the Orb.
     0 | D:1      | Reached XP level 1. HP: 19/19 MP: 1/1
   227 | D:1      | Reached XP level 2. HP: 21/26 MP: 2/2
  1053 | D:2      | Noticed Jessica
  1066 | D:2      | Killed Jessica
  1066 | D:2      | Reached XP level 3. HP: 26/31 MP: 3/3
  1218 | D:2      | Reached ** piety under Trog
  1314 | D:2      | Reached XP level 4. HP: 40/40 MP: 4/4
  1634 | D:2      | Found a stormy altar of Qazlal.
  1817 | D:2      | Reached XP level 5. HP: 40/46 MP: 5/5
  1903 | D:2      | Noticed Crazy Yiuf
  1908 | D:2      | Killed Crazy Yiuf
  1985 | D:2      | Reached *** piety under Trog
  2016 | D:2      | Killed from afar by an orc wizard

Skill      XL: |  1  2  3  4 |
---------------+-------------+-----
Dodging        | 3 4 |  4.4
Fighting       | 4 |  4.3
Maces & Flails | |  3.8
Stealth        | |  0.4

Action                   |  1- 3 |  4- 6 || total
-------------------------+-------+-------++-------
Melee: Mace              |    80 |   122 ||   202
       Tailslap          |    10 |    12 ||    22
Invok: Berserk           |     1 |     1 ||     2
 Stab: Sleeping          |     1 |       ||     1
  Eat: Chunk             |     2 |     2 ||     4
Armor: Skin              |    29 |    36 ||    65
Dodge: Dodged            |    51 |    74 ||   125
